 Dungeon Crawl Stone Soup version 0.14-a0-218-g24e112a (webtiles) character file.

30961 Aelig the Fighter (level 13, 0/100 HPs)
             Began as a Demonspawn Hunter on Oct 9, 2013.
             Was a High Priest of Kikubaaqudgha.
             Killed from afar by a fire drake (24 damage)
             ... with a blast of flame
             ... on Level 8 of the Lair of Beasts.
             The game lasted 03:12:54 (36016 turns).

Aelig the Fighter (Demonspawn Hunter)              Turns: 36016, Time: 03:12:55

HP   0/100       AC  8     Str 12      XL: 13   Next: 15%
MP  18/22        EV 15     Int 18      God: Kikubaaqudgha [*****.]
Gold 1446        SH  0     Dex 14      Spells:  8 memorised,  1 level left

Res.Fire  : . . .   See Invis. : .   a - +3 dwarf mace
Res.Cold  : . . .   Warding    : +   o - +0 elf leather armour
Life Prot.: + . .   Conserve   : .   (no shield)
Res.Poison: .       Res.Corr.  : .   l - +2 wizard hat
Res.Elec. : .       Clarity    : .   g - +2 cloak
Sust.Abil.: . .     Spirit.Shd : .   (no gloves)
Res.Mut.  : .       Stasis     : .   (no boots)
Res.Rott. : +       Flight     : .   m - amulet of warding
Saprovore : + . .                    J - ring of protection from magic
                                     u - +0,+7 ring of slaying

@: quick, quite resistant to hostile enchantments, very unstealthy
A: antennae 2, claws 1, hooves 2, foul stench 1, saprovore 1, spiny 2
a: Receive Corpses, Torment, Renounce Religion


You were on level 8 of the Lair of Beasts.
You worshipped Kikubaaqudgha.
Kikubaaqudgha was extremely pleased with you.
You were not hungry.

You visited 4 branches of the dungeon, and saw 24 of its levels.

You collected 1426 gold pieces.

Inventory:

Hand weapons
 a - a +3,+3 dwarven mace (weapon)
Missiles
 D - 4 javelins
 E - 11 tomahawks (quivered)
 K - 13 darts of dispersal
 L - a throwing net
 P - 11 stones
Armour
 g - a +2 cloak (worn)
 l - a +2 wizard hat (worn)
 o - a +0 elven leather armour (worn)
Magical devices
 q - a wand of heal wounds (3)
 w - a wand of confusion (21) {unknown}
 N - a wand of flame (6) {unknown}
 S - a wand of fire (6)
 T - a wand of digging (6) {unknown}
 Z - a wand of fire (11)
Comestibles
 f - 2 bread rations
 h - 3 meat rations
 k - a honeycomb
Scrolls
 i - 3 scrolls of fog
 j - 4 scrolls of identify
 t - 3 scrolls of remove curse
 y - a scroll of curse armour {unknown}
 A - 2 scrolls of random uselessness {unknown}
 C - a scroll of curse weapon {unknown}
 G - a scroll of amnesia {unknown}
 M - 4 scrolls of immolation {unknown}
 Q - 5 scrolls of teleportation {unknown}
 U - 3 scrolls of noise {unknown}
Jewellery
 c - an uncursed amulet of resist corrosion
 m - an amulet of warding (around neck)
 n - an uncursed ring of ice
 r - an uncursed ring of teleportation
 u - a +0,+7 ring of slaying (left claw)
 J - a ring of protection from magic (right claw)
Potions
 d - 2 potions of might {unknown}
 e - a potion of restore abilities
 p - a potion of poison {unknown}
 v - a potion of brilliance
 x - a potion of magic {unknown}
 F - a potion of curing
 I - a potion of invisibility {unknown}
 O - 3 potions of heal wounds
 R - a potion of degeneration {unknown}
 V - a potion of agility
 W - a potion of confusion {unknown}
 X - 2 potions of mutation {unknown}
Books
 s - Kikubaaqudgha's Reference Book on Sinister Secrets
   (Kikubaaqudgha gifted it to you on level 5 of the Lair of Beasts)

   Spells                             Type                      Level
   Excruciating Wounds                Charms/Necromancy            5
   *Agony                             Necromancy                   5
   Dispel Undead                      Necromancy                   5
   Twisted Resurrection               Necromancy                   5
   Simulacrum                         Ice/Necromancy               6
 z - a book of Summonings

   Spells                             Type                      Level
   Abjuration                         Summoning                    3
   Recall                             Summoning/Translocation      3
   Summon Elemental                   Summoning                    4
   Shadow Creatures                   Summoning                    5
   Summon Demon                       Summoning                    5
   Summon Ugly Thing                  Summoning                    6
 B - a book of Changes

   Spells                             Type                      Level
   Beastly Appendage                  Transmutation                1
   Sticks to Snakes                   Transmutation                2
   Spider Form                        Transmutation/Poison         3
   Ice Form                           Ice/Transmutation            4
   Blade Hands                        Transmutation                5
 H - Kikubaaqudgha's Grimoire of Evil Arts
   (Kikubaaqudgha gifted it to you on level 3 of the Lair of Beasts)

   Spells                             Type                      Level
   Animate Skeleton                   Necromancy                   1
   *Lethal Infusion                   Charms/Necromancy            2
   Corpse Rot                         Necromancy                   2
   Regeneration                       Charms/Necromancy            3
   Control Undead                     Necromancy                   4
 Y - a book of Maledictions

   Spells                             Type                      Level
   Corona                             Hexes                        1
   Sure Blade                         Hexes/Charms                 2
   *Ensorcelled Hibernation           Hexes/Ice                    2
   Confuse                            Hexes                        3
   Enslavement                        Hexes                        4
   Invisibility                       Hexes                        6
Magical staves
 b - an uncursed staff of poison


   Skills:
 * Level 11.2 Fighting
   Level 0.8 Short Blades
 + Level 9.7 Maces & Flails
 - Level 3.6 Throwing
 + Level 7.2 Dodging
 - Level 1.0 Stealth
   Level 2.0 Shields
 - Level 4.2 Spellcasting
 - Level 5.0 Conjurations
 - Level 3.0 Hexes
 - Level 3.5 Charms
 - Level 10.0 Necromancy
 - Level 4.0 Translocations
 - Level 2.4 Ice Magic
 - Level 2.0 Air Magic
 - Level 4.0 Poison Magic


You had one spell level left.
You knew the following spells:

 Your Spells              Type           Power        Failure   Level  Hunger
a - Apportation           Tloc           ###.......   2%          1    None
b - Blink                 Tloc           N/A          4%          2    #......
c - Repel Missiles        Chrm/Air       ##........   10%         2    #......
d - Swiftness             Chrm/Air       ##........   10%         2    #......
e - Mephitic Cloud        Conj/Pois/Air  ###.....     12%         3    ###....
f - Ensorcelled Hibernat  Hex/Ice        ##....       10%         2    #......
g - Lethal Infusion       Chrm/Necr      ####......   1%          2    #......
h - Agony                 Necr           #####...     8%          5    #####..


Dungeon Overview and Level Annotations

Branches:
Dungeon (12/27)            Temple (1/1) D:7             Orc (3/4) D:7
   Lair (8/8) D:8           Swamp (0/5) Lair:6       Spider (0/5) Lair:4
  Slime (0/6) Lair:6
    Elf: Orc:3-4

Altars:
Ashenzari
Cheibriados
Elyvilon
Fedhas
Kikubaaqudgha
Makhleb
Nemelex Xobeh
Okawaru
Sif Muna
Trog
Vehumet
Xom
Yredelemnul
Zin
the Shining One

Shops:
D:5 ?   D:10 [

Annotations:
D:5 TZer0's ghost, experienced DjBe
D:10 exclusion: downstairs
Orc:2 exclusion: downstairs
Orc:3 Harold
Lair:2 exclusion: downstairs
Lair:3 Maud


Innate Abilities, Weirdness & Mutations

You have a pair of antennae on your head.
You have sharp fingernails.
You have hoof-like feet.
You emit a foul stench, and are resistant to rotting and decay.
You can tolerate rotten meat.
You are mostly covered in sharp spines.


Message History

The fire drake breathes fire at you. The blast of flame hits you!
The blink frog gives a loud, deep croak!
The blink frog barely misses you.
Your magical contamination has completely faded away.
You start to feel a little slower.
The blink frog hits you!
The blink frog looks sick.
The fire drake hisses menacingly.
The blink frog blinks!
Casting: Mephitic Cloud
Confirm with . or Enter, or press ? or * to list all spells.
You feel quick. The fire drake breathes fire at you.
The blast of flame hits you!
* * * LOW HITPOINT WARNING * * *
The fire drake breathes fire at you. The blast of flame hits you!
One of your 6 scrolls labeled SHREIZI FOKH catches fire!
You die...
Kikubaaqudgha rasps: "You have failed me!
Welcome... death!"

#..#.......F.%...................
.................................
.................................
.................................
.................................
......ยง...................P......
........................P........
%................................
................@................
.....f...........................
....)...PP#......................
..#.#..f.........................
..####.P##.P.....................
.## #P####........F.............
#. ###..P....lY........#.f.....
.## ###..P...........####.PP... .
##.#.............#.# #####..


You could see a yak, a blink frog and a fire drake.

Vanquished Creatures
  Gastronok (Orc:1)
  2 hydras
  Fannar (Lair:4)
  A catoblepas (Lair:3)
  A lindwurm (Lair:5)
  2 griffons
  5 elephants (Lair:6)
  A wizard (D:9)
  A black mamba (Lair:5)
  A spiny worm (Lair:7)
  6 spiny frogs
  A feature mimic (D:7)
  5 komodo dragons
  10 blink frogs
  A troll (D:9)
  A wraith (D:11)
  2 wyverns
  A hill giant zombie (D:9)
  26 yaks
  7 hippogriffs
  11 porcupines
  5 orc warriors
  2 phantoms
  A black bear (D:9)
  4 ice beasts
  8 ogres
  The ghost of Econoterrorist the Insei, an average DsTm of Okawaru (D:4)
  5 centaurs
  14 crocodiles
  25 giant frogs
  8 giant slugs
  14 water moccasins
  A big kobold (D:10)
  15 agate snails
  A manticore skeleton (D:9)
  An eye of draining (D:11)
  A hippogriff skeleton (D:8)
  3 wights (D:8)
  2 pulsating lumps (Lair:6)
  3 goliath beetles
  A crimson imp (D:6)
  3 hounds
  7 scorpions
  A centaur skeleton (D:8)
  13 orc priests
  5 jellies
  6 spiders (Lair:4)
  18 sheep
  3 iguanas
  An orange rat (Lair:8)
  14 orc wizards
  4 worker ants
  Ijyb (D:3)
  Jessica (D:2)
  A big kobold skeleton (D:10)
  Terence (D:3)
  A worker ant zombie (D:4)
  82 green rats
  A steam dragon zombie (D:9)
  17 adders
  2 giant centipedes
  4 giant mites
  A goliath beetle zombie (D:9)
  7 worms
  An adder skeleton (D:8)
  2 giant eyeballs (D:9)
  5 oozes
  82 orcs
  A bat zombie (D:6)
  14 goblins
  25 hobgoblins
  24 jackals
  25 kobolds
  9 quokkas
  A ball python zombie (D:4)
  21 bats
  4 giant cockroaches
  15 giant geckos
  11 giant newts
  A giant spore (D:10)
  A goblin skeleton (D:4)
  3 hobgoblin zombies
  2 jackal skeletons
  An orc skeleton (D:9)
  An orc zombie (D:4)
  2 quokka zombies
  31 rats
  A rat skeleton (D:5)
  3 ballistomycetes (D:10)
  3 plants
685 creatures vanquished.

Vanquished Creatures (others)
  A giant spore (D:11)
  5 fungi
  3 plants
9 creatures vanquished.

Grand Total: 694 creatures vanquished

Notes
Turn   | Place    | Note
--------------------------------------------------------------
     0 | D:1      | Aelig, the Demonspawn Hunter, began the quest for the Orb.
     0 | D:1      | Reached XP level 1. HP: 16/16 MP: 0/0
   193 | D:1      | Reached skill level 1 in Maces & Flails
   210 | D:1      | Gained mutation: You can tolerate rotten meat. [demonic ancestry]
   210 | D:1      | Reached XP level 2. HP: 19/22 MP: 1/1
   282 | D:1      | Found a sparkling altar of Nemelex Xobeh.
   912 | D:1      | Reached XP level 3. HP: 26/28 MP: 2/2
  2130 | D:2      | Noticed Jessica
  2142 | D:2      | Killed Jessica
  2142 | D:2      | Reached XP level 4. HP: 27/34 MP: 3/3
  2917 | D:3      | Noticed Terence
  3100 | D:3      | Killed Terence
  3308 | D:3      | Gained mutation: You are partially covered in sharp spines. [demonic ancestry]
  3308 | D:3      | Reached XP level 5. HP: 34/40 MP: 4/4
  3872 | D:3      | Noticed Ijyb
  3915 | D:3      | Killed Ijyb
  3915 | D:3      | Reached skill level 4 in Maces & Flails
  4080 | D:3      | Gained mutation: You have a pair of small antennae on your head. [demonic ancestry]
  4080 | D:3      | Reached XP level 6. HP: 9/47 MP: 5/5
  5285 | D:3      | Reached skill level 5 in Fighting
  6287 | D:4      | Noticed Econoterrorist's ghost (average DsTm)
  6319 | D:4      | Killed Econoterrorist's ghost
  6319 | D:4      | Gained mutation: You are mostly covered in sharp spines. [demonic ancestry]
  6319 | D:4      | Reached XP level 7. HP: 37/53 MP: 6/6
  6359 | D:4      | Reached skill level 6 in Fighting
  6886 | D:5      | Entered Level 5 of the Dungeon
  6887 | D:5      | Found Vifen's Magic Scroll Boutique.
  7220 | D:5      | Reached skill level 7 in Fighting
  7220 | D:5      | Reached skill level 5 in Maces & Flails
  7349 | D:5      | Noticed TZer0's ghost (experienced DjBe)
  7867 | D:5      | Reached XP level 8. HP: 62/62 MP: 7/7
  8532 | D:6      | Found a glowing golden altar of the Shining One.
  9157 | D:6      | Reached skill level 8 in Fighting
  9645 | D:5      | Found a glowing golden altar of the Shining One.
 10312 | D:7      | Killed a door mimic
 10312 | D:7      | Reached skill level 9 in Fighting
 10312 | D:7      | Gained mutation: You have large cloven feet. [demonic ancestry]
 10312 | D:7      | Reached XP level 9. HP: 30/70 MP: 8/8
 10662 | D:7      | Found a staircase to the Orcish Mines.
 11236 | D:7      | Found a staircase to the Ecumenical Temple.
 11248 | Temple   | Entered the Ecumenical Temple
 11358 | Temple   | Identified a +0 rod of venom (11/11) (You found it on level 7 of the Dungeon)
 12124 | D:8      | Reached skill level 10 in Fighting
 12186 | D:8      | Found a staircase to the Lair.
 13215 | D:10     | Entered Level 10 of the Dungeon
 13302 | D:9      | Gained mutation: You have hoof-like feet. [demonic ancestry]
 13302 | D:9      | Reached XP level 10. HP: 63/79 MP: 9/9
 13342 | D:9      | Reached skill level 1 in Shields
 13533 | D:9      | Paralysed by a giant eyeball for 4 turns
 13701 | D:9      | Noticed a wizard
 13718 | D:10     | Found a basalt altar of Yredelemnul.
 14313 | Lair:1   | Entered Level 1 of the Lair of Beasts
 15071 | D:10     | Found Saejael's Armour Shop.
 15705 | Temple   | Learned a level 1 spell: Apportation
 15708 | Temple   | Learned a level 2 spell: Blink
 15711 | Temple   | Learned a level 2 spell: Repel Missiles
 16322 | D:11     | Reached skill level 1 in Spellcasting
 16387 | D:11     | Reached skill level 5 in Dodging
 16387 | D:11     | Reached skill level 1 in Charms
 16387 | D:11     | Reached skill level 1 in Translocations
 16481 | D:11     | Noticed an eight-headed hydra
 17291 | Temple   | Learned a level 2 spell: Swiftness
 19282 | Orc:1    | Entered Level 1 of the Orcish Mines
 19744 | Orc:1    | Noticed Gastronok
 20193 | D:9      | Found an ancient bone altar of Kikubaaqudgha.
 20225 | D:9      | Gained mutation: You emit a foul stench, and are resistant to rotting and decay. [demonic ancestry]
 20225 | D:9      | Reached XP level 11. HP: 63/85 MP: 19/19
 20550 | D:9      | Became a worshipper of Kikubaaqudgha
 20738 | D:9      | Killed a wizard
 20825 | Temple   | Learned a level 3 spell: Mephitic Cloud
 21192 | D:8      | Reached skill level 1 in Air Magic
 21249 | Lair:1   | Noticed a six-headed hydra
 21746 | Lair:2   | Reached skill level 1 in Conjurations
 21836 | Lair:3   | Acquired Kikubaaqudgha's first power
 21836 | Lair:3   | Received a gift from Kikubaaqudgha
 21837 | Lair:3   | Identified Kikubaaqudgha's Grimoire of Evil Arts (Kikubaaqudgha gifted it to you on level 3 of the Lair of Beasts)
 21862 | Lair:4   | Reached skill level 1 in Poison Magic
 22124 | Lair:3   | Noticed Maud
 24031 | Lair:3   | Noticed a catoblepas
 24090 | Lair:3   | Killed a catoblepas
 24090 | Lair:3   | Reached skill level 5 in Conjurations
 24288 | Lair:3   | Acquired Kikubaaqudgha's second power
 24389 | Lair:3   | Learned a level 2 spell: Ensorcelled Hibernation
 24426 | Lair:3   | Noticed a griffon
 24485 | Lair:3   | Reached skill level 1 in Hexes
 24792 | Lair:3   | Reached skill level 1 in Ice Magic
 24986 | Lair:3   | Killed a griffon
 25736 | Lair:3   | Reached skill level 1 in Necromancy
 26362 | Lair:4   | Found a hole to the Spider Nest.
 26826 | Lair:4   | Noticed Fannar
 27067 | Orc:1    | Killed Gastronok
 27067 | Orc:1    | Reached skill level 5 in Necromancy
 27067 | Orc:1    | Gained mutation: You have a pair of antennae on your head. [demonic ancestry]
 27067 | Orc:1    | Reached XP level 12. HP: 28/92 MP: 14/21
 27493 | Orc:2    | Learned a level 2 spell: Lethal Infusion
 27546 | Orc:3    | Noticed Harold
 27855 | Lair:4   | Killed Fannar
 28741 | Lair:5   | Received a gift from Kikubaaqudgha
 28751 | Lair:5   | Identified Kikubaaqudgha's Reference Book on Sinister Secrets (Kikubaaqudgha gifted it to you on level 5 of the Lair of Beasts)
 28972 | Lair:5   | Noticed a five-headed hydra
 29538 | Lair:5   | Reached skill level 1 in Stealth
 29915 | Lair:4   | Learned a level 5 spell: Agony
 29968 | Lair:5   | Killed a five-headed hydra
 30645 | Lair:6   | Got a transparent long sword
 30647 | Lair:6   | Noticed a six-headed hydra
 30676 | Lair:6   | Killed a six-headed hydra
 30828 | Lair:6   | Acquired Kikubaaqudgha's third power
 30973 | Lair:5   | Identified the +6,+0 long sword "Prej" {freeze, +Rage} (You found it on level 6 of the Lair of Beasts)
 30973 | Lair:5   | Identified the +6,+0 long sword "Prej" {freeze, +Rage} (You found it on level 6 of the Lair of Beasts)
 31290 | Lair:6   | Reached skill level 10 in Necromancy
 31728 | Lair:6   | Found a staircase to the Swamp.
 32602 | Lair:6   | Found a staircase to the Slime Pits.
 32899 | Lair:6   | Acquired Kikubaaqudgha's fourth power
 33437 | Lair:7   | Gained mutation: You have sharp fingernails. [demonic ancestry]
 33437 | Lair:7   | Reached XP level 13. HP: 64/99 MP: 22/22
 33857 | Lair:7   | Reached skill level 11 in Fighting
 34176 | Lair:8   | Entered Level 8 of the Lair of Beasts
 36016 | Lair:8   | Killed from afar by a fire drake

Action                   |  1- 3 |  4- 6 |  7- 9 | 10-12 | 13-15 || total
-------------------------+-------+-------+-------+-------+-------++-------
Melee: Whip              |   234 |    85 |   382 |       |       ||   701
       Short sword       |     2 |   359 |       |       |       ||   361
       Dire flail        |       |     8 |       |       |       ||     8
       Flail             |       |       |    79 |   841 |       ||   920
       Mace              |       |       |       |   389 |   136 ||   525
 Fire: Sling             |       |       |       |     5 |       ||     5
Throw: Javelin           |     5 |    26 |    18 |     5 |       ||    54
       Tomahawk          |       |     1 |     8 |    68 |       ||    77
       Throwing net      |       |     1 |     1 |       |       ||     2
       Dart              |       |       |    74 |     6 |       ||    80
       Stone             |       |       |       |     1 |       ||     1
 Cast: Blink             |       |       |       |    22 |       ||    22
       Mephitic Cloud    |       |       |       |    67 |    26 ||    93
       Swiftness         |       |       |       |    29 |     4 ||    33
       Ensorcelled Hiber |       |       |       |    14 |       ||    14
       Apportation       |       |       |       |     7 |     3 ||    10
       Repel Missiles    |       |       |       |     2 |       ||     2
       Lethal Infusion   |       |       |       |     5 |       ||     5
       Agony             |       |       |       |     5 |       ||     5
 Abil: Evoke Teleportati |       |       |       |     1 |       ||     1
Evoke: Wand              |       |     2 |       |    15 |       ||    17
  Use: Potion            |       |     2 |     3 |     8 |     1 ||    14
       Scroll            |       |     2 |     3 |     2 |       ||     7
 Stab: Sleeping          |     1 |       |     1 |       |       ||     2
       Distracted        |       |     1 |       |     1 |       ||     2
       Confused          |       |       |       |    22 |     3 ||    25
